 Dungeon Crawl Stone Soup version 0.27.1-1-g398f81649c (webtiles) character file.

Game seed: 4717694901111618977

571 MisterFreud the Fighter (level 7, -7/63 HPs)
             Began as a Gnoll Wanderer on Sept 20, 2021.
             Was a Believer of Fedhas.
             Mangled by a wraith (10 damage)
             ... on level 5 of the Dungeon.
             The game lasted 00:05:06 (4479 turns).

MisterFreud the Fighter (Gnoll Wanderer)            Turns: 4479, Time: 00:05:08

Health: -7/63      AC:  7    Str: 16    XL:     7   Next: 34%
Magic:  10/10      EV: 11    Int: 10    God:    Fedhas [**....]
Gold:   221        SH:  0    Dex: 10    Spells: 10/10 levels left

rFire    . . .     SeeInvis .   a - +0 falchion
rCold    . . .     Faith    .   (no shield)
rNeg     . . .     Spirit   .   o - +0 ring mail
rPois    .         Reflect  .   (no helmet)
rElec    .         Harm     .   n - +0 cloak
rCorr    .         Rampage  .   (no gloves)
Will     .....                  w - +0 pair of boots
Stlth    +.........             (no amulet)
HPRegen  0.20/turn              (no ring)
MPRegen  0.12/turn              (no ring)

@: slowed, very slow
A: fangs 1, strong nose, distributed training
a: Renounce Religion, Wall of Briars


You were on level 5 of the Dungeon.
You worshipped Fedhas.
Fedhas was pleased with you.
You visited 1 branch of the dungeon, and saw 5 of its levels.

You collected 221 gold pieces.

Inventory:

Hand Weapons
 a - a +0 falchion (weapon)
Missiles
 e - 5 datura-tipped darts
 r - 5 poisoned darts
 u - 116 stones
Armour
 d - a +0 robe
 n - a +0 cloak (worn)
 o - a +0 ring mail (worn)
 w - a +0 pair of boots (worn)
Wands
 b - a wand of paralysis (11) (quivered)
Scrolls
 c - a scroll of magic mapping {unknown}
 h - a scroll of amnesia {unknown}
 i - 2 scrolls of immolation {unknown}
 j - 3 scrolls of identify {unknown}
 k - a scroll of enchant weapon {unknown}
 l - 3 scrolls of teleportation {unknown}
 m - a scroll of torment {unknown}
 q - a scroll of fog {unknown}
 s - a scroll of vulnerability {unknown}
 v - a scroll of fear {unknown}
Potions
 f - a potion of degeneration {unknown}
 g - a potion of might
 p - 2 potions of attraction {unknown}
 t - 2 potions of haste


   Skills:
 + Level 8.9 Fighting
 + Level 2.4 Short Blades
 + Level 5.2 Long Blades
 + Level 2.4 Axes
 + Level 2.4 Maces & Flails
 + Level 2.4 Polearms
 + Level 2.4 Staves
 + Level 2.4 Slings
 + Level 2.4 Bows
 + Level 3.6 Crossbows
 + Level 2.4 Throwing
 + Level 2.4 Armour
 + Level 2.4 Dodging
 + Level 3.4 Stealth
 + Level 3.6 Shields
 + Level 2.4 Unarmed Combat
 + Level 2.4 Spellcasting
 + Level 2.0 Conjurations
 + Level 2.0 Hexes
 + Level 2.0 Summonings
 + Level 2.0 Necromancy
 + Level 2.0 Translocations
 + Level 2.0 Transmutations
 + Level 2.0 Fire Magic
 + Level 2.0 Ice Magic
 + Level 2.0 Air Magic
 + Level 2.0 Earth Magic
 + Level 2.0 Poison Magic
 + Level 2.7 Invocations
 + Level 3.6 Evocations


You had 10 spell levels left.
You didn't know any spells.
Your spell library contained the following spells:

 Spells                   Type           Power      Damage    Failure   Level
 Magic Dart               Conj           20%        1d4       24%         1
 Ensorcelled Hibernation  Hex/Ice        10%        N/A       36%         2
 Searing Ray              Conj           10%        3d3       36%         2
 Spider Form              Tmut/Pois      2%         N/A       58%         3
 Fulminant Prism          Conj/Hex       2%         3d6       94%         4
 Shadow Creatures         Summ           N/A        N/A       100%        6


Dungeon Overview and Level Annotations

Branches:
Dungeon (5/15)
 Temple: D:4-7

Altars:
Fedhas
Hepliaklqana
Kikubaaqudgha
Nemelex Xobeh

Shops:
D:2 !

Annotations:
D:5 groll's ghost, amateur MiBe


Innate Abilities, Weirdness & Mutations

You have very sharp teeth.
Your uncanny sense of smell can sniff out nearby items.
Your experience applies equally to all skills.


Message History

The wraith is lightly damaged.
The wraith hits you!
* * * LOW HITPOINT WARNING * * *
You hit the wraith but do no damage.
The wraith is lightly damaged.
The wraith hits you.
* * * LOW HITPOINT WARNING * * *
The wraith drains your vigour!
You feel yourself slow down. The wraith hits you!
* * * LOW HITPOINT WARNING * * *
The wraith drains your vigour!
You feel as though you will be slow longer.
Aiming: Paralyse
Press: ? - help, Shift-Dir - straight line, f - wraith
Aim: a wraith (lightly damaged, chance to affect: 23%)
The wraith resists with almost no effort.
The wraith hits you but does no damage.
Aiming: Paralyse
Press: ? - help, Shift-Dir - straight line, f/p - wraith
Aim: a wraith (lightly damaged, chance to affect: 23%)
The wraith resists with almost no effort.
The wraith hits you.
* * * LOW HITPOINT WARNING * * *
The wraith drains your vigour!
You feel as though you will be slow longer.
The wraith hits you but does no damage.
Unknown command.
Aiming: Paralyse
Press: ? - help, Shift-Dir - straight line, f/p - wraith
Aim: a wraith (lightly damaged, chance to affect: 23%)
The wraith resists with almost no effort.
The wraith misses you.
You riposte.
You closely miss the wraith.
The wraith is lightly damaged.
Aiming: Paralyse
Press: ? - help, Shift-Dir - straight line, f/p - wraith
Aim: a wraith (lightly damaged, chance to affect: 23%)
The wraith resists with almost no effort.
The wraith hits you!
You die...
Fedhas appreciates your contribution to the ecosystem.

##...#.....'.........#
#....#.....#...##....#
##...#.....##'########
#. #...#.....#....# #
#..#####...#.....#....#
#
#.........#.....#....#
#
#........s#.....#....#
#
#...######W#.....######
# #.......$..@..#### #
##............#
#............# .
...........# .#
##....###### #....
#.... ....


You could see a wraith and a scorpion.

Vanquished Creatures
  An ice beast (D:4)
  A phantom (D:5)
  2 scorpions
  A water moccasin zombie (D:5)
  2 howler monkeys
  An iguana (D:5)
  2 gnolls (D:3)
  3 adders
  An adder zombie (D:5)
  A worm (D:4)
  2 dart slugs
  4 orcs
  7 bats (D:1)
  6 endoplasms
  5 giant cockroaches
  9 goblins
  5 hobgoblins
  3 jackals (D:5)
  A quokka (D:1)
  3 ball pythons
  3 frilled lizards
  7 kobolds
  3 rats
73 creatures vanquished.

Vanquished Creatures (others)
  9 fungi (D:3)
  3 plants (D:3)
12 creatures vanquished.

Grand Total: 85 creatures vanquished

Notes
Turn   | Place    | Note
-------+----------+-------------------------------------------
     0 | D:1      | MisterFreud the Gnoll Wanderer began the quest for the Orb.
     0 | D:1      | MisterFreud set off with the following items: a +0
                  | falchion, a wand of paralysis (15), a potion of curing, a
                  | +0 robe
     0 | D:1      | Reached XP level 1. HP: 26/26 MP: 1/1
   165 | D:1      | Reached XP level 2. HP: 28/33 MP: 2/2
   520 | D:1      | Reached XP level 3. HP: 34/38 MP: 3/3
   945 | D:1      | Reached skill level 1 in Invocations
  1112 | D:2      | Found Cynock's Distillery.
  1339 | D:2      | Reached skill level 1 in Short Blades
  1339 | D:2      | Reached skill level 1 in Axes
  1339 | D:2      | Reached skill level 1 in Maces & Flails
  1339 | D:2      | Reached skill level 1 in Polearms
  1339 | D:2      | Reached skill level 1 in Staves
  1339 | D:2      | Reached skill level 1 in Slings
  1339 | D:2      | Reached skill level 1 in Bows
  1339 | D:2      | Reached skill level 1 in Throwing
  1339 | D:2      | Reached skill level 1 in Armour
  1339 | D:2      | Reached skill level 1 in Dodging
  1339 | D:2      | Reached skill level 1 in Unarmed Combat
  1339 | D:2      | Reached skill level 1 in Spellcasting
  1690 | D:2      | Reached XP level 4. HP: 45/45 MP: 5/5
  2424 | D:3      | Found a faded altar of an unknown god.
  2468 | D:3      | Became a worshipper of Fedhas Madash
  2468 | D:3      | Reached * piety under Fedhas
  2660 | D:3      | Reached skill level 1 in Conjurations
  2660 | D:3      | Reached skill level 1 in Hexes
  2660 | D:3      | Reached skill level 1 in Summonings
  2660 | D:3      | Reached skill level 1 in Necromancy
  2660 | D:3      | Reached skill level 1 in Translocations
  2660 | D:3      | Reached skill level 1 in Transmutations
  2660 | D:3      | Reached skill level 1 in Fire Magic
  2660 | D:3      | Reached skill level 1 in Ice Magic
  2660 | D:3      | Reached skill level 1 in Air Magic
  2660 | D:3      | Reached skill level 1 in Earth Magic
  2660 | D:3      | Reached skill level 1 in Poison Magic
  3193 | D:4      | Noticed a scorpion
  3193 | D:4      | Noticed an ice beast
  3203 | D:4      | Killed a scorpion
  3204 | D:4      | Reached XP level 5. HP: 50/51 MP: 5/7
  3207 | D:4      | Killed an ice beast
  3208 | D:4      | Reached XP level 6. HP: 56/57 MP: 5/8
  3232 | D:4      | Found an ancient bone altar of Kikubaaqudgha.
  3431 | D:4      | Found a sparkling altar of Nemelex Xobeh.
  3555 | D:4      | Reached skill level 5 in Long Blades
  3645 | D:5      | Entered Level 5 of the Dungeon
  3902 | D:5      | Found a hazy altar of Hepliaklqana.
  3986 | D:5      | Reached XP level 7. HP: 39/63 MP: 10/10
  4003 | D:5      | Noticed groll's ghost (amateur MiBe)
  4006 | D:5      | HP: 1/63 [phantom (8)]
  4009 | D:5      | Reached ** piety under Fedhas
  4452 | D:5      | Noticed a wraith
  4477 | D:5      | HP: 2/63 [wraith (5)]
  4479 | D:5      | Mangled by a wraith

Illustrated notes

Levels and vault maps discovered:
D:1:      dpeg_arrival_tiny_b, layout_basic, minmay_fountain_box,
          hangedman_decor_growths, kennysheep_small_spiral
D:2:      layout_loops_ring, serial_shops, shop, due_unseen_surprise
D:3:      kb_forest_paths, layout_basic, shapermc_ecumenical_altar_gd
D:4:      layout_basic, mainiacjoe_overflow_small_starburst,
          mainiacjoe_overflow_alcove_2, lemuel_crystal_altar,
          grunt_temple_overflow_order_and_chaos_1
D:5:      layout_gridville, worldfamousw_hep_ancestral_shrine,
          gammafunk_ghost_hive, minmay_misc_feat_doors, hangedman_decor_push,
          minmay_manual_mess

Skill      XL: |  1  2  3  4  5  6  7 |
---------------+----------------------+-----
Invocations    | 1 2 |  2.7
Short Blades   | 1 2 |  2.4
Axes           | 1 2 |  2.4
Maces & Flails | 1 2 |  2.4
Polearms       | 1 2 |  2.4
Staves         | 1 2 |  2.4
Slings         | 1 2 |  2.4
Bows           | 1 2 |  2.4
Throwing       | 1 2 |  2.4
Armour         | 1 2 |  2.4
Dodging        | 1 2 |  2.4
Unarmed Combat | 1 2 |  2.4
Spellcasting   | 1 2 |  2.4
Conjurations   | 1 2 |  2.0
Hexes          | 1 2 |  2.0
Summonings     | 1 2 |  2.0
Necromancy     | 1 2 |  2.0
Translocations | 1 2 |  2.0
Transmutations | 1 2 |  2.0
Fire Magic     | 1 2 |  2.0
Ice Magic      | 1 2 |  2.0
Air Magic      | 1 2 |  2.0
Earth Magic    | 1 2 |  2.0
Poison Magic   | 1 2 |  2.0
Crossbows      | 3 |  3.6
Shields        | 3 |  3.6
Evocations     | 3 |  3.6
Stealth        | 3 |  3.4
Long Blades    | 5 |  5.2
Fighting       | |  8.9

Action                   |  1- 3 |  4- 6 |  7- 9 || total
-------------------------+-------+-------+-------++-------
Melee: Falchion          |    76 |   126 |    50 ||   252
       Bite              |    10 |    10 |     4 ||    24
       Punch             |       |     3 |     1 ||     4
Evoke: Wand              |       |       |     4 ||     4
  Use: Potion            |       |       |     2 ||     2
 Stab: Sleeping          |     4 |     3 |       ||     7
Armor: Robe              |    17 |       |       ||    17
       Ring mail         |       |    39 |    19 ||    58
Dodge: Dodged            |    49 |    86 |    21 ||   156
       Rpst.: Falchion   |    18 |    25 |     6 ||    49
